Kelowna Rockets vs Abbotsford Heat
Created - Thursday, March 16, 2023 at 06:59
Goals
|
| Kelowna Rockets |
0 |
3 |
1 |
4 |
| Abbotsford Heat |
0 |
1 |
2 |
3 |
|
Shots
|
| Kelowna Rockets |
5 |
16 |
18 |
39 |
| Abbotsford Heat |
7 |
17 |
16 |
40 |
|
1st period
No Goal
Penalties :
Wyatt Newpower (ABH) for Interference (Minor) at 17:03
2nd period
1. Kelowna Rockets , Roby Jarventie 1 (Jack Drury 2, Cale Fleury 1) at 7:07
2. Kelowna Rockets , Jesse Ylonen 1 (Ty Dellandrea 3) at 7:30
3. Kelowna Rockets , Ty Dellandrea 2 (Cale Fleury 2) at 12:51
4. Abbotsford Heat , Lane Pederson 2 (Ryan Merkley 2, Michael Anderson 4) at 14:01 (PP)
Penalties :
Michael Anderson (ABH) for Roughing (Minor) at 0:48, Wyatt Newpower (ABH) for Fighting (Major) at 3:14, Givani Smith (KEL) for Fighting (Major) at 3:14, Givani Smith (KEL) for instigated a fight (Minor) at 3:14, Givani Smith (KEL) for instigated and being the aggresor in a fight (20 Minutes Game Misconduct) at 3:14, Jasper Weatherby (KEL) for Slashing (Minor) at 9:25, Jesse Ylonen (KEL) for Hooking (Minor) at 13:48
3rd period
5. Abbotsford Heat , Cole Sillinger 2 (Alex Limoges 1) at 0:31
6. Kelowna Rockets , Roby Jarventie 2 (Jacob Perreault 2, Jack Drury 3) at 2:55
7. Abbotsford Heat , Rafael Harvey-Pinard 1 (Yakov Trenin 2) at 3:42
Penalties :
Yakov Trenin (ABH) for Hooking (Minor) at 4:52
Goalie Stats
Eetu Makiniemi (KEL), 37 saves from 40 shots - (0.925), W, 3-1-0, 60:00 minutes
Pheonix Copley (ABH), 35 saves from 39 shots - (0.897), L, 0-3-0, 59:07 minutes
Players Stats for Kelowna Rockets
Player Name G A P +/- PIM S H SB GA TA FO MP PP MP PK MP
------------------------------------------------------------------------------------
Alex Peters 0 0 0 1 0 1 1 0 0 0 0/0 12:25 0:00 0:00
Arnaud Durandeau 0 0 0 1 0 1 2 0 0 0 0/0 6:28 0:00 0:00
Cale Fleury 0 2 2 0 0 4 3 0 1 2 0/0 30:39 3:37 2:20
Givani Smith 0 0 0 0 27 0 1 0 1 0 1/1 5:53 0:00 0:00
Jack Drury 0 2 2 1 0 8 1 0 1 0 3/9 15:17 0:00 1:50
Jacob Perreault 0 1 1 1 0 4 3 2 0 0 0/0 13:04 0:02 0:00
Jasper Weatherby 0 0 0 1 2 4 2 1 2 0 0/0 21:42 2:58 1:18
Jesse Ylonen 1 0 1 1 2 4 2 0 0 3 0/0 19:29 2:58 0:19
Joel Kiviranta 0 0 0 -1 0 1 0 0 0 0 0/1 17:41 2:57 0:38
Lauri Pajuniemi 0 0 0 1 0 0 2 0 0 0 0/0 6:20 0:00 0:00
Lucas Johansen 0 0 0 2 0 1 2 3 0 2 0/0 24:29 2:20 1:51
Matias Maccelli 0 0 0 -1 0 2 0 0 1 0 0/0 18:34 2:57 1:52
Max Lajoie 0 0 0 -1 0 1 2 2 0 1 0/0 27:46 3:37 2:20
Maxence Guenette 0 0 0 2 0 2 1 1 0 0 0/0 21:12 2:20 1:51
Nicholas Caamano 0 0 0 0 0 0 0 0 0 0 0/1 4:49 0:02 0:00
Oskar Steen 0 0 0 -1 0 0 1 0 0 0 6/14 16:07 2:57 0:00
Roby Jarventie 2 0 2 1 0 4 2 0 0 1 0/0 9:37 0:02 0:00
Ty Dellandrea 1 1 2 2 0 2 1 1 0 0 21/38 24:14 2:58 2:25
Players Stats for Abbotsford Heat
Player Name G A P +/- PIM S H SB GA TA FO MP PP MP PK MP
------------------------------------------------------------------------------------
Alex Limoges 0 1 1 0 0 10 2 1 0 0 0/0 15:00 1:53 0:00
Benoit-Olivier Groulx 0 0 0 0 0 1 1 0 0 0 3/8 11:39 0:00 1:10
Cole Sillinger 1 0 1 0 0 3 3 1 0 0 8/12 19:52 1:53 3:05
Daniil Miromanov 0 0 0 0 0 1 2 1 0 1 1/1 18:17 1:53 0:55
Denis Malgin 0 0 0 0 0 0 1 0 0 0 0/0 8:09 0:00 0:29
Dennis Gilbert 0 0 0 -1 0 0 0 1 0 0 0/0 21:37 1:13 2:38
Filip Chlapik 0 0 0 0 0 0 0 0 0 0 0/1 8:07 0:00 1:12
Gabriel Fortier 0 0 0 0 0 1 2 0 0 0 0/0 10:29 0:00 0:00
Jacob Peterson 0 0 0 0 0 2 3 0 1 0 1/3 7:56 0:00 1:10
Lane Pederson 1 0 1 -2 0 3 2 1 2 0 1/2 20:04 2:18 0:00
Mathias Laferriere 0 0 0 0 0 0 0 1 0 0 0/2 13:12 0:00 1:38
Michael Anderson 0 1 1 -1 2 4 1 3 0 0 0/0 29:29 2:58 2:24
Rafael Harvey-Pinard 1 0 1 -2 0 6 2 1 4 0 0/0 20:18 2:18 0:14
Ryan Merkley 0 1 1 -1 0 3 4 2 1 3 0/0 27:48 2:58 3:35
Shane Pinto 0 0 0 0 0 0 0 0 0 0 0/0 2:56 0:00 0:59
Vincent Desharnais 0 0 0 -1 0 2 3 0 0 2 0/0 23:41 1:13 2:22
Wyatt Newpower 0 0 0 0 7 1 1 3 0 0 0/0 12:15 0:00 0:00
Yakov Trenin 0 1 1 -2 2 3 2 0 1 0 19/35 23:10 2:18 1:57
3 Stars
1 - Roby Jarventie (KEL)
2 - Ty Dellandrea (KEL)
3 - Jack Drury (KEL)
Power Play
Kelowna Rockets - 0 on 3 Attempt(s) - 0.00%
Abbotsford Heat - 1 on 3 Attempt(s) - 33.33%
Penalty Kill
Kelowna Rockets - 2 on 3 Attempt(s) - 66.67%
- Score 0 goal in Penalty Kill
Abbotsford Heat - 3 on 3 Attempt(s) - 100.00%
- Score 0 goal in Penalty Kill
Team Stat
Kelowna Rockets - Hits : 26 - Faceoff Wins : 31 - Blocked Shots : 10 - Penalty Minutes : 31
Abbotsford Heat - Hits : 29 - Faceoff Wins : 33 - Blocked Shots : 15 - Penalty Minutes : 11
Official
Referees : Greg Kimmerly and Dave Lewis
Linesman : Greg Devorski and Bryan Pancich
Game Notes
Wyatt Newpower beats up Givani Smith at 3:14 of 2nd period
Givani Smith ejected from game at 3:14 of 2nd period
Kelowna Rockets
5 vs 5 Forward
Center Left Wing Right Wing Time % Phy DF OF
1 Ty Dellandrea Jasper Weatherby Jesse Ylonen 40 1 2 2
2 Oskar Steen Matias Maccelli Joel Kiviranta 30 1 2 2
3 Jack Drury Givani Smith Jacob Perreault 20 1 2 2
4 Ty Dellandrea Arnaud Durandeau Lauri Pajuniemi 10 1 2 2
5 vs 5 Defense
Defense Defense Time % Phy DF OF
1 Cale Fleury Max Lajoie 40 1 2 2
2 Lucas Johansen Maxence Guenette 30 1 2 2
3 Alex Peters Cale Fleury 20 1 2 2
4 Max Lajoie Lucas Johansen 10 1 2 2
PowerPlay Forward
Center Left Wing Right Wing Time % Phy DF OF
1 Ty Dellandrea Jasper Weatherby Jesse Ylonen 60 1 2 2
2 Oskar Steen Matias Maccelli Joel Kiviranta 40 1 2 2
PowerPlay Defense
Defense Defense Time % Phy DF OF
1 Cale Fleury Max Lajoie 60 1 2 2
2 Lucas Johansen Maxence Guenette 40 1 2 2
Penalty Kill 4 Players Forward
Center Wing Time % Phy DF OF
1 Ty Dellandrea Jasper Weatherby 60 1 2 2
2 Jesse Ylonen Matias Maccelli 40 1 2 2
Penalty Kill 4 Players Defense
Defense Defense Time % Phy DF OF
1 Cale Fleury Max Lajoie 60 1 2 2
2 Lucas Johansen Maxence Guenette 40 1 2 2
Penalty Kill - 3 Players Forward
Forward Time % Phy DF OF
1 Ty Dellandrea 60 1 2 2
2 Jasper Weatherby 40 1 2 2
Penalty Kill - 3 Players Defense
Defense Defense Time % Phy DF OF
1 Cale Fleury Max Lajoie 60 1 2 2
2 Lucas Johansen Maxence Guenette 40 1 2 2
4 vs 4 Forward
Center Wing Time % Phy DF OF
1 Ty Dellandrea Jasper Weatherby 60 1 2 2
2 Jesse Ylonen Matias Maccelli 40 1 2 2
4 vs 4 Defense
Defense Defense Time % Phy DF OF
1 Cale Fleury Max Lajoie 60 1 2 2
2 Lucas Johansen Maxence Guenette 40 1 2 2
Last Minutes Offensive
Center Left Wing Right Wing Defense Defense
Ty Dellandrea Jasper Weatherby Jesse Ylonen Cale Fleury Max Lajoie
Last Minutes Defensive
Center Left Wing Right Wing Defense Defense
Ty Dellandrea Jasper Weatherby Jesse Ylonen Cale Fleury Max Lajoie
Goaltenders
Starting : Eetu Makiniemi
Backup : Adam Scheel
Extra Forwards
Normal : Roby Jarventie, Nicholas Caamano, Jack Drury - PP : Roby Jarventie, Nicholas Caamano - PK : Jack Drury
Extra Defensemen
Normal : Alex Peters, Maxence Guenette, Cale Fleury - PP : Alex Peters - PK : Maxence Guenette, Cale Fleury
Penalty Shots
Ty Dellandrea, Jasper Weatherby, Jesse Ylonen, Matias Maccelli, Oskar Steen
Abbotsford Heat
5 vs 5 Forward
Center Left Wing Right Wing Time % Phy DF OF
1 Yakov Trenin Rafael Harvey-Pinard Lane Pederson 40 1 2 2
2 Cole Sillinger Alex Limoges Daniil Miromanov 30 1 2 2
3 Benoit-Olivier Groulx Gabriel Fortier Mathias Laferriere 20 1 2 2
4 Jacob Peterson Filip Chlapik Denis Malgin 10 1 2 2
5 vs 5 Defense
Defense Defense Time % Phy DF OF
1 Michael Anderson Ryan Merkley 40 1 2 2
2 Vincent Desharnais Dennis Gilbert 30 1 2 2
3 Wyatt Newpower Michael Anderson 20 1 2 2
4 Ryan Merkley Vincent Desharnais 10 1 2 2
PowerPlay Forward
Center Left Wing Right Wing Time % Phy DF OF
1 Yakov Trenin Rafael Harvey-Pinard Lane Pederson 60 1 2 2
2 Cole Sillinger Alex Limoges Daniil Miromanov 40 1 2 2
PowerPlay Defense
Defense Defense Time % Phy DF OF
1 Michael Anderson Ryan Merkley 60 1 2 2
2 Vincent Desharnais Dennis Gilbert 40 1 2 2
Penalty Kill 4 Players Forward
Center Wing Time % Phy DF OF
1 Yakov Trenin Cole Sillinger 60 1 2 2
2 Benoit-Olivier Groulx Jacob Peterson 40 1 2 2
Penalty Kill 4 Players Defense
Defense Defense Time % Phy DF OF
1 Michael Anderson Ryan Merkley 60 1 2 2
2 Vincent Desharnais Dennis Gilbert 40 1 2 2
Penalty Kill - 3 Players Forward
Forward Time % Phy DF OF
1 Yakov Trenin 60 1 2 2
2 Cole Sillinger 40 1 2 2
Penalty Kill - 3 Players Defense
Defense Defense Time % Phy DF OF
1 Michael Anderson Ryan Merkley 60 1 2 2
2 Vincent Desharnais Dennis Gilbert 40 1 2 2
4 vs 4 Forward
Center Wing Time % Phy DF OF
1 Yakov Trenin Cole Sillinger 60 1 2 2
2 Benoit-Olivier Groulx Jacob Peterson 40 1 2 2
4 vs 4 Defense
Defense Defense Time % Phy DF OF
1 Michael Anderson Ryan Merkley 60 1 2 2
2 Vincent Desharnais Dennis Gilbert 40 1 2 2
Last Minutes Offensive
Center Left Wing Right Wing Defense Defense
Yakov Trenin Rafael Harvey-Pinard Lane Pederson Michael Anderson Ryan Merkley
Last Minutes Defensive
Center Left Wing Right Wing Defense Defense
Yakov Trenin Rafael Harvey-Pinard Lane Pederson Michael Anderson Ryan Merkley
Goaltenders
Starting : Pheonix Copley
Backup : Dustin Wolf
Extra Forwards
Normal : Shane Pinto, Gabriel Fortier, Mathias Laferriere - PP : Shane Pinto, Gabriel Fortier - PK : Mathias Laferriere
Extra Defensemen
Normal : Wyatt Newpower, Daniil Miromanov, Dennis Gilbert - PP : Wyatt Newpower - PK : Daniil Miromanov, Dennis Gilbert
Penalty Shots
Yakov Trenin, Cole Sillinger, Benoit-Olivier Groulx, Jacob Peterson, Rafael Harvey-Pinard
% Time on Ice - Kelowna Rockets
Lines # - Real PCT - Wanted PCT - Time Play
Normal Forward
1 - 37% - 40% - 17:56
2 - 27% - 30% - 13:09
3 - 23% - 20% - 11:26
4 - 13% - 10% - 6:20
Normal Defense
1 - 37% - 40% - 17:59
2 - 34% - 30% - 16:23
3 - 22% - 20% - 10:43
4 - 8% - 10% - 3:46
PP Forward
1 - 50% - 60% - 3:00
2 - 50% - 40% - 2:57
PP Defense
1 - 61% - 60% - 3:37
2 - 39% - 40% - 2:20
PK Forward
1 - 92% - 60% - 3:52
2 - 8% - 40% - 0:19
PK Defense
1 - 56% - 60% - 2:20
2 - 44% - 40% - 1:51
PK3 Forward
1 - 0% - 60%
2 - 0% - 40%
PK3 Defense
1 - 0% - 60%
2 - 0% - 40%
44 Forward
1 - 0% - 60%
2 - 0% - 40%
44 Defense
1 - 0% - 60%
2 - 0% - 40%
Last Minute Offensive - 0:00
Last Minute Defensive - 1:01
Total
Forward - 60:00
Defense - 60:00
|
% Time on Ice - Abbotsford Heat
Lines # - Real PCT - Wanted PCT - Time Play
Normal Forward
1 - 38% - 40% - 18:25
2 - 27% - 30% - 13:07
3 - 21% - 20% - 10:29
4 - 14% - 10% - 6:46
Normal Defense
1 - 34% - 40% - 16:24
2 - 35% - 30% - 17:09
3 - 22% - 20% - 10:57
4 - 9% - 10% - 4:17
PP Forward
1 - 55% - 60% - 2:18
2 - 45% - 40% - 1:53
PP Defense
1 - 71% - 60% - 2:58
2 - 29% - 40% - 1:13
PK Forward
1 - 80% - 60% - 4:47
2 - 20% - 40% - 1:10
PK Defense
1 - 60% - 60% - 3:35
2 - 40% - 40% - 2:22
PK3 Forward
1 - 0% - 60%
2 - 0% - 40%
PK3 Defense
1 - 0% - 60%
2 - 0% - 40%
44 Forward
1 - 0% - 60%
2 - 0% - 40%
44 Defense
1 - 0% - 60%
2 - 0% - 40%
Last Minute Offensive - 1:05
Last Minute Defensive - 0:00
Total
Forward - 60:00
Defense - 60:00
|
Play-by-Play
1st period
0:01 of 1st period - Ty Dellandrea wins face-off versus Yakov Trenin in neutral zone.
0:32 of 1st period - Snap shot by Jacob Perreault.
0:32 of 1st period - Deflect By Jack Drury.
0:32 of 1st period - Stopped by Pheonix Copley without a rebound.
0:33 of 1st period - Givani Smith wins face-off versus Cole Sillinger in Abbotsford Heat zone.
0:34 of 1st period - Wrist shot by Jack Drury.
0:34 of 1st period - Stopped by Pheonix Copley without a rebound.
0:35 of 1st period - Cole Sillinger wins face-off versus Jack Drury in Abbotsford Heat zone.
0:35 of 1st period - Cole Sillinger is hit by Jack Drury.
1:07 of 1st period - Lucas Johansen is hit by Alex Limoges and loses puck.
1:16 of 1st period - Slapshot by Alex Limoges.
1:16 of 1st period - Stopped by Eetu Makiniemi with a rebound.
1:38 of 1st period - Snap shot by Jacob Perreault.
1:38 of 1st period - Shot Misses the Net.
1:44 of 1st period - Maxence Guenette is hit by Ryan Merkley and loses puck.
1:49 of 1st period - Snap shot by Alex Limoges.
1:49 of 1st period - Stopped by Eetu Makiniemi with a rebound.
2:03 of 1st period - Snap shot by Jacob Perreault.
2:03 of 1st period - Stopped by Pheonix Copley with a rebound.
2:19 of 1st period - Icing by Jacob Perreault.
2:20 of 1st period - Jack Drury wins face-off versus Yakov Trenin in Kelowna Rockets zone.
2:20 of 1st period - Jack Drury is hit by Yakov Trenin.
3:08 of 1st period - Ryan Merkley is hit by Cale Fleury and loses puck.
3:21 of 1st period - Alex Peters is hit by Jacob Peterson and loses puck.
4:29 of 1st period - Vincent Desharnais is hit by Roby Jarventie and loses puck.
8:27 of 1st period - Jack Drury is hit by Vincent Desharnais and loses puck.
8:40 of 1st period - Jasper Weatherby is hit by Benoit-Olivier Groulx and loses puck.
11:13 of 1st period - Daniil Miromanov is hit by Lucas Johansen and loses puck.
11:24 of 1st period - Alex Limoges is hit by Jasper Weatherby and loses puck.
11:31 of 1st period - Wyatt Newpower is hit by Ty Dellandrea and loses puck.
11:38 of 1st period - Snap shot by Alex Limoges.
11:38 of 1st period - Shot Blocked by Maxence Guenette.
11:40 of 1st period - Snap shot by Alex Limoges.
11:40 of 1st period - Shot Misses the Net.
11:42 of 1st period - Wrist shot by Wyatt Newpower.
11:42 of 1st period - Shot Blocked by Jacob Perreault.
11:52 of 1st period - Snap shot by Alex Limoges.
11:52 of 1st period - Stopped by Eetu Makiniemi without a rebound.
11:53 of 1st period - Yakov Trenin wins face-off versus Joel Kiviranta in Kelowna Rockets zone.
12:06 of 1st period - Cale Fleury is hit by Lane Pederson and loses puck.
12:19 of 1st period - Vincent Desharnais is hit by Arnaud Durandeau and loses puck.
13:21 of 1st period - Dennis Gilbert is hit by Maxence Guenette and loses puck.
13:43 of 1st period - Dennis Gilbert is hit by Oskar Steen and loses puck.
13:58 of 1st period - Wrist shot by Jacob Peterson.
13:58 of 1st period - Stopped by Eetu Makiniemi without a rebound.
13:59 of 1st period - Ty Dellandrea wins face-off versus Jacob Peterson in Kelowna Rockets zone.
14:30 of 1st period - Givani Smith is hit by Rafael Harvey-Pinard and loses puck.
15:05 of 1st period - Slapshot by Jesse Ylonen.
15:05 of 1st period - Deflect By Jasper Weatherby.
15:05 of 1st period - Shot Misses the Net.
15:05 of 1st period - Puck is out of play.
15:06 of 1st period - Ty Dellandrea wins face-off versus Benoit-Olivier Groulx in Abbotsford Heat zone.
15:09 of 1st period - Slapshot by Jesse Ylonen.
15:09 of 1st period - Shot Misses the Net.
15:57 of 1st period - Jack Drury is hit by Alex Limoges and loses puck.
16:12 of 1st period - Ty Dellandrea is hit by Jacob Peterson and loses puck.
16:19 of 1st period - Slapshot by Ryan Merkley.
16:19 of 1st period - Stopped by Eetu Makiniemi without a rebound.
16:20 of 1st period - Yakov Trenin wins face-off versus Oskar Steen in Kelowna Rockets zone.
16:25 of 1st period - Slapshot by Rafael Harvey-Pinard.
16:25 of 1st period - Stopped by Eetu Makiniemi without a rebound.
16:26 of 1st period - Oskar Steen wins face-off versus Yakov Trenin in Kelowna Rockets zone.
16:41 of 1st period - Wrist shot by Yakov Trenin.
16:41 of 1st period - Stopped by Eetu Makiniemi with a rebound.
16:50 of 1st period - Icing by Ryan Merkley.
16:51 of 1st period - Cole Sillinger wins face-off versus Ty Dellandrea in Abbotsford Heat zone.
17:03 of 1st period - Minor Penalty to Wyatt Newpower for Interference.
17:04 of 1st period - Yakov Trenin wins face-off versus Ty Dellandrea in Abbotsford Heat zone.
17:42 of 1st period - Off-side.
17:43 of 1st period - Benoit-Olivier Groulx wins face-off versus Oskar Steen in neutral zone.
17:46 of 1st period - Oskar Steen is hit by Ryan Merkley and loses puck.
19:03 of 1st period - Penalty to Wyatt Newpower is over, Wyatt Newpower is back on ice.
19:11 of 1st period - Snap shot by Jacob Perreault.
19:11 of 1st period - Stopped by Pheonix Copley without a rebound.
19:12 of 1st period - Jack Drury wins face-off versus Benoit-Olivier Groulx in Abbotsford Heat zone.
19:17 of 1st period - Snap shot by Jack Drury.
19:17 of 1st period - Shot Misses the Net.
19:23 of 1st period - Slapshot by Mathias Laferriere.
19:23 of 1st period - Shot Blocked by Jacob Perreault.
19:25 of 1st period - Snap shot by Mathias Laferriere.
19:25 of 1st period - Deflect By Gabriel Fortier.
19:25 of 1st period - Shot Blocked by Lucas Johansen.
19:25 of 1st period - Puck is out of play.
19:26 of 1st period - Ty Dellandrea wins face-off versus Yakov Trenin in Kelowna Rockets zone.
19:59 of 1st period - Slapshot by Cale Fleury.
19:59 of 1st period - Stopped by Pheonix Copley with a rebound.
Goals for this period are 0 for Kelowna Rockets vs 0 for Abbotsford Heat.
Shots for this period are 5 for Kelowna Rockets vs 7 for Abbotsford Heat.
2nd period
0:01 of 2nd period - Ty Dellandrea wins face-off versus Yakov Trenin in neutral zone.
0:04 of 2nd period - Wrist shot by Jesse Ylonen.
0:04 of 2nd period - Deflect By Jasper Weatherby.
0:04 of 2nd period - Stopped by Pheonix Copley without a rebound.
0:05 of 2nd period - Ty Dellandrea wins face-off versus Yakov Trenin in Abbotsford Heat zone.
0:16 of 2nd period - Snap shot by Jasper Weatherby.
0:16 of 2nd period - Shot Misses the Net.
0:18 of 2nd period - Slapshot by Max Lajoie.
0:18 of 2nd period - Shot Blocked by Ryan Merkley.
0:20 of 2nd period - Wrist shot by Jesse Ylonen.
0:20 of 2nd period - Shot Misses the Net.
0:36 of 2nd period - Snap shot by Jacob Perreault.
0:36 of 2nd period - Stopped by Pheonix Copley with a rebound.
0:38 of 2nd period - Slapshot by Cale Fleury.
0:38 of 2nd period - Shot Blocked by Michael Anderson.
0:40 of 2nd period - Slapshot by Cale Fleury.
0:40 of 2nd period - Stopped by Pheonix Copley with a rebound.
0:42 of 2nd period - Slapshot by Jack Drury.
0:42 of 2nd period - Shot Blocked by Rafael Harvey-Pinard.
0:48 of 2nd period - Minor Penalty to Michael Anderson for Roughing.
0:49 of 2nd period - Ty Dellandrea wins face-off versus Yakov Trenin in Abbotsford Heat zone.
1:10 of 2nd period - Dennis Gilbert is hit by Cale Fleury and loses puck.
2:48 of 2nd period - Penalty to Michael Anderson is over, Michael Anderson is back on ice.
2:59 of 2nd period - Michael Anderson is hit by Givani Smith and loses puck.
3:06 of 2nd period - Snap shot by Jack Drury.
3:06 of 2nd period - Stopped by Pheonix Copley without a rebound.
3:07 of 2nd period - Jacob Peterson wins face-off versus Jack Drury in Abbotsford Heat zone.
3:07 of 2nd period - Jacob Peterson is hit by Jacob Perreault.
3:14 of 2nd period - Wyatt Newpower beats up Givani Smith.
3:14 of 2nd period - Penalty to Wyatt Newpower for Fighting.
3:14 of 2nd period - Penalty to Givani Smith for Fighting.
3:14 of 2nd period - Penalty to Givani Smith for instigated a fight.
3:14 of 2nd period - Penalty to Givani Smith for instigated and being the aggresor in a fight.
3:14 of 2nd period - Givani Smith is ejected from game.
3:15 of 2nd period - Ty Dellandrea wins face-off versus Yakov Trenin in Kelowna Rockets zone.
3:40 of 2nd period - Cale Fleury is hit by Cole Sillinger and loses puck.
3:45 of 2nd period - Snap shot by Alex Limoges.
3:45 of 2nd period - Stopped by Eetu Makiniemi with a rebound.
3:47 of 2nd period - Snap shot by Alex Limoges.
3:47 of 2nd period - Stopped by Eetu Makiniemi without a rebound.
3:48 of 2nd period - Yakov Trenin wins face-off versus Ty Dellandrea in Kelowna Rockets zone.
5:14 of 2nd period - Penalty to Givani Smith is over, Ty Dellandrea is send on ice.
5:49 of 2nd period - Icing by Maxence Guenette.
5:50 of 2nd period - Ty Dellandrea wins face-off versus Benoit-Olivier Groulx in Kelowna Rockets zone.
5:55 of 2nd period - Gabriel Fortier is hit by Alex Peters.
6:10 of 2nd period - Snap shot by Gabriel Fortier.
6:10 of 2nd period - Shot Misses the Net.
6:22 of 2nd period - Icing by Ryan Merkley.
6:23 of 2nd period - Oskar Steen wins face-off versus Mathias Laferriere in Abbotsford Heat zone.
6:32 of 2nd period - Slapshot by Vincent Desharnais.
6:32 of 2nd period - Shot Misses the Net.
6:34 of 2nd period - Slapshot by Vincent Desharnais.
6:34 of 2nd period - Stopped by Eetu Makiniemi without a rebound.
6:35 of 2nd period - Yakov Trenin wins face-off versus Oskar Steen in Kelowna Rockets zone.
7:00 of 2nd period - Dennis Gilbert is hit by Jacob Perreault and loses puck.
7:05 of 2nd period - Wrist shot by Jack Drury.
7:05 of 2nd period - Stopped by Pheonix Copley with a rebound.
7:07 of 2nd period - Wrist shot by Roby Jarventie.
7:07 of 2nd period - Goal by Roby Jarventie - Kelowna Rockets : 1 - Abbotsford Heat : 0.
7:08 of 2nd period - Ty Dellandrea wins face-off versus Yakov Trenin in neutral zone.
7:13 of 2nd period - Wrist shot by Ty Dellandrea.
7:13 of 2nd period - Shot Blocked by Lane Pederson.
7:15 of 2nd period - Snap shot by Jasper Weatherby.
7:15 of 2nd period - Stopped by Pheonix Copley without a rebound.
7:16 of 2nd period - Yakov Trenin wins face-off versus Ty Dellandrea in Abbotsford Heat zone.
7:28 of 2nd period - Snap shot by Jesse Ylonen.
7:28 of 2nd period - Stopped by Pheonix Copley without a rebound.
7:29 of 2nd period - Ty Dellandrea wins face-off versus Yakov Trenin in Abbotsford Heat zone.
7:30 of 2nd period - Wrist shot by Jesse Ylonen.
7:30 of 2nd period - Goal by Jesse Ylonen - Kelowna Rockets : 2 - Abbotsford Heat : 0.
7:31 of 2nd period - Ty Dellandrea wins face-off versus Yakov Trenin in neutral zone.
7:51 of 2nd period - Jasper Weatherby is hit by Rafael Harvey-Pinard and loses puck.
8:07 of 2nd period - Off-side.
8:08 of 2nd period - Benoit-Olivier Groulx wins face-off versus Oskar Steen in neutral zone.
8:14 of 2nd period - Icing by Maxence Guenette.
8:15 of 2nd period - Lane Pederson wins face-off versus Oskar Steen in Kelowna Rockets zone.
8:16 of 2nd period - Wrist shot by Yakov Trenin.
8:16 of 2nd period - Shot Misses the Net.
8:18 of 2nd period - Snap shot by Rafael Harvey-Pinard.
8:18 of 2nd period - Stopped by Eetu Makiniemi with a rebound.
8:40 of 2nd period - Icing by Vincent Desharnais.
8:41 of 2nd period - Cole Sillinger wins face-off versus Ty Dellandrea in Abbotsford Heat zone.
8:41 of 2nd period - Cole Sillinger is hit by Max Lajoie.
9:25 of 2nd period - Minor Penalty to Jasper Weatherby for Slashing.
9:26 of 2nd period - Yakov Trenin wins face-off versus Ty Dellandrea in Kelowna Rockets zone.
9:39 of 2nd period - Slapshot by Michael Anderson.
9:39 of 2nd period - Shot Blocked by Lucas Johansen.
10:02 of 2nd period - Off-side.
10:03 of 2nd period - Cole Sillinger wins face-off versus Jack Drury in neutral zone.
10:37 of 2nd period - Snap shot by Lane Pederson.
10:37 of 2nd period - Deflect By Yakov Trenin.
10:37 of 2nd period - Shot Misses the Net.
10:37 of 2nd period - Puck is out of play.
10:38 of 2nd period - Cole Sillinger wins face-off versus Ty Dellandrea in Kelowna Rockets zone.
10:53 of 2nd period - Snap shot by Alex Limoges.
10:53 of 2nd period - Shot Hit the Post.
11:25 of 2nd period - Penalty to Jasper Weatherby is over, Jasper Weatherby is back on ice.
11:35 of 2nd period - Slapshot by Vincent Desharnais.
11:35 of 2nd period - Stopped by Eetu Makiniemi with a rebound.
11:37 of 2nd period - Snap shot by Jacob Peterson.
11:37 of 2nd period - Stopped by Eetu Makiniemi with a rebound.
11:49 of 2nd period - Maxence Guenette is hit by Gabriel Fortier and loses puck.
12:19 of 2nd period - Slapshot by Max Lajoie.
12:19 of 2nd period - Shot Misses the Net.
12:35 of 2nd period - Snap shot by Jack Drury.
12:35 of 2nd period - Shot Blocked by Wyatt Newpower.
12:37 of 2nd period - Snap shot by Cale Fleury.
12:37 of 2nd period - Deflect By Jack Drury.
12:37 of 2nd period - Stopped by Pheonix Copley with a rebound.
12:39 of 2nd period - Wrist shot by Jasper Weatherby.
12:39 of 2nd period - Stopped by Pheonix Copley with a rebound.
12:41 of 2nd period - Backhand shot by Joel Kiviranta.
12:41 of 2nd period - Stopped by Pheonix Copley without a rebound.
12:42 of 2nd period - Yakov Trenin wins face-off versus Ty Dellandrea in Abbotsford Heat zone.
12:51 of 2nd period - Wrist shot by Ty Dellandrea.
12:51 of 2nd period - Goal by Ty Dellandrea - Kelowna Rockets : 3 - Abbotsford Heat : 0.
12:52 of 2nd period - Yakov Trenin wins face-off versus Ty Dellandrea in neutral zone.
13:17 of 2nd period - Roby Jarventie is hit by Daniil Miromanov and loses puck.
13:38 of 2nd period - Slapshot by Cale Fleury.
13:38 of 2nd period - Stopped by Pheonix Copley without a rebound.
13:39 of 2nd period - Benoit-Olivier Groulx wins face-off versus Ty Dellandrea in Abbotsford Heat zone.
13:39 of 2nd period - Benoit-Olivier Groulx is hit by Jesse Ylonen.
13:48 of 2nd period - Minor Penalty to Jesse Ylonen for Hooking.
13:49 of 2nd period - Yakov Trenin wins face-off versus Ty Dellandrea in Kelowna Rockets zone.
13:55 of 2nd period - Snap shot by Rafael Harvey-Pinard.
13:55 of 2nd period - Shot Misses the Net.
13:57 of 2nd period - Slapshot by Michael Anderson.
13:57 of 2nd period - Deflect By Cale Fleury.
13:57 of 2nd period - Stopped by Eetu Makiniemi with a rebound.
13:59 of 2nd period - Slapshot by Ryan Merkley.
13:59 of 2nd period - Shot Misses the Net.
14:01 of 2nd period - Snap shot by Lane Pederson.
14:01 of 2nd period - Goal by Lane Pederson - Kelowna Rockets : 3 - Abbotsford Heat : 1.
14:02 of 2nd period - Yakov Trenin wins face-off versus Ty Dellandrea in neutral zone.
14:49 of 2nd period - Cale Fleury is hit by Gabriel Fortier and loses puck.
15:00 of 2nd period - Wrist shot by Jack Drury.
15:00 of 2nd period - Deflect By Benoit-Olivier Groulx.
15:00 of 2nd period - Shot Misses the Net.
15:00 of 2nd period - Puck is out of play.
15:01 of 2nd period - Ty Dellandrea wins face-off versus Yakov Trenin in Abbotsford Heat zone.
16:05 of 2nd period - Michael Anderson is hit by Arnaud Durandeau and loses puck.
16:47 of 2nd period - Rafael Harvey-Pinard is hit by Jacob Perreault and loses puck.
16:54 of 2nd period - Wrist shot by Yakov Trenin.
16:54 of 2nd period - Deflect By Lane Pederson.
16:54 of 2nd period - Stopped by Eetu Makiniemi without a rebound.
16:55 of 2nd period - Ty Dellandrea wins face-off versus Cole Sillinger in Kelowna Rockets zone.
17:10 of 2nd period - Wrist shot by Cole Sillinger.
17:10 of 2nd period - Deflect By Alex Limoges.
17:10 of 2nd period - Stopped by Eetu Makiniemi with a rebound.
17:27 of 2nd period - Wrist shot by Benoit-Olivier Groulx.
17:27 of 2nd period - Stopped by Eetu Makiniemi with a rebound.
17:29 of 2nd period - Slapshot by Gabriel Fortier.
17:29 of 2nd period - Stopped by Eetu Makiniemi without a rebound.
17:30 of 2nd period - Yakov Trenin wins face-off versus Oskar Steen in Kelowna Rockets zone.
17:37 of 2nd period - Wrist shot by Lane Pederson.
17:37 of 2nd period - Stopped by Eetu Makiniemi with a rebound.
17:39 of 2nd period - Wrist shot by Wyatt Newpower.
17:39 of 2nd period - Shot Blocked by Max Lajoie.
17:41 of 2nd period - Slapshot by Wyatt Newpower.
17:41 of 2nd period - Stopped by Eetu Makiniemi with a rebound.
17:43 of 2nd period - Snap shot by Rafael Harvey-Pinard.
17:43 of 2nd period - Deflect By Joel Kiviranta.
17:43 of 2nd period - Stopped by Eetu Makiniemi with a rebound.
18:14 of 2nd period - 10 Minutes Misconduct Penalty to Givani Smith is over.
18:17 of 2nd period - Jesse Ylonen is hit by Wyatt Newpower and loses puck.
18:26 of 2nd period - Jacob Peterson is hit by Cale Fleury and loses puck.
18:47 of 2nd period - Slapshot by Jesse Ylonen.
18:47 of 2nd period - Stopped by Pheonix Copley with a rebound.
18:49 of 2nd period - Snap shot by Jesse Ylonen.
18:49 of 2nd period - Deflect By Wyatt Newpower.
18:49 of 2nd period - Shot Blocked by Wyatt Newpower.
18:49 of 2nd period - Puck is out of play.
18:50 of 2nd period - Yakov Trenin wins face-off versus Oskar Steen in Abbotsford Heat zone.
18:55 of 2nd period - Slapshot by Vincent Desharnais.
18:55 of 2nd period - Shot Misses the Net.
19:05 of 2nd period - Snap shot by Matias Maccelli.
19:05 of 2nd period - Shot Misses the Net.
19:15 of 2nd period - Jacob Perreault is hit by Daniil Miromanov and loses puck.
19:20 of 2nd period - Slapshot by Cole Sillinger.
19:20 of 2nd period - Stopped by Eetu Makiniemi without a rebound.
19:21 of 2nd period - Cole Sillinger wins face-off versus Jack Drury in Kelowna Rockets zone.
19:22 of 2nd period - Slapshot by Ryan Merkley.
19:22 of 2nd period - Stopped by Eetu Makiniemi with a rebound.
19:55 of 2nd period - Slapshot by Matias Maccelli.
19:55 of 2nd period - Stopped by Pheonix Copley without a rebound.
19:56 of 2nd period - Yakov Trenin wins face-off versus Ty Dellandrea in Abbotsford Heat zone.
Goals for this period are 3 for Kelowna Rockets vs 1 for Abbotsford Heat.
Shots for this period are 16 for Kelowna Rockets vs 17 for Abbotsford Heat.
3rd period
0:01 of 3rd period - Yakov Trenin wins face-off versus Ty Dellandrea in neutral zone.
0:04 of 3rd period - Wrist shot by Rafael Harvey-Pinard.
0:04 of 3rd period - Stopped by Eetu Makiniemi without a rebound.
0:05 of 3rd period - Ty Dellandrea wins face-off versus Yakov Trenin in Kelowna Rockets zone.
0:05 of 3rd period - Ty Dellandrea is hit by Lane Pederson.
0:11 of 3rd period - Snap shot by Rafael Harvey-Pinard.
0:11 of 3rd period - Shot Misses the Net.
0:13 of 3rd period - Wrist shot by Yakov Trenin.
0:13 of 3rd period - Stopped by Eetu Makiniemi with a rebound.
0:15 of 3rd period - Wrist shot by Michael Anderson.
0:15 of 3rd period - Stopped by Eetu Makiniemi with a rebound.
0:17 of 3rd period - Slapshot by Rafael Harvey-Pinard.
0:17 of 3rd period - Shot Blocked by Max Lajoie.
0:19 of 3rd period - Slapshot by Ryan Merkley.
0:19 of 3rd period - Deflect By Yakov Trenin.
0:19 of 3rd period - Stopped by Eetu Makiniemi with a rebound.
0:31 of 3rd period - Slapshot by Cole Sillinger.
0:31 of 3rd period - Goal by Cole Sillinger - Kelowna Rockets : 3 - Abbotsford Heat : 2.
0:32 of 3rd period - Yakov Trenin wins face-off versus Ty Dellandrea in neutral zone.
1:02 of 3rd period - Snap shot by Jack Drury.
1:02 of 3rd period - Shot Blocked by Alex Limoges.
1:45 of 3rd period - Lucas Johansen is hit by Jacob Peterson and loses puck.
1:50 of 3rd period - Backhand shot by Ryan Merkley.
1:50 of 3rd period - Stopped by Eetu Makiniemi without a rebound.
1:51 of 3rd period - Oskar Steen wins face-off versus Yakov Trenin in Kelowna Rockets zone.
1:51 of 3rd period - Oskar Steen is hit by Ryan Merkley.
2:07 of 3rd period - Slapshot by Joel Kiviranta.
2:07 of 3rd period - Shot Blocked by Ryan Merkley.
2:19 of 3rd period - Cale Fleury is hit by Cole Sillinger and loses puck.
2:43 of 3rd period - Snap shot by Jack Drury.
2:43 of 3rd period - Stopped by Pheonix Copley with a rebound.
2:45 of 3rd period - Slapshot by Maxence Guenette.
2:45 of 3rd period - Deflect By Jack Drury.
2:45 of 3rd period - Shot Misses the Net.
2:45 of 3rd period - Puck is out of play.
2:46 of 3rd period - Yakov Trenin wins face-off versus Jack Drury in Abbotsford Heat zone.
2:53 of 3rd period - Snap shot by Jacob Perreault.
2:53 of 3rd period - Shot Blocked by Michael Anderson.
2:55 of 3rd period - Slapshot by Roby Jarventie.
2:55 of 3rd period - Goal by Roby Jarventie - Kelowna Rockets : 4 - Abbotsford Heat : 2.
2:56 of 3rd period - Ty Dellandrea wins face-off versus Yakov Trenin in neutral zone.
3:01 of 3rd period - Wrist shot by Ty Dellandrea.
3:01 of 3rd period - Shot Misses the Net.
3:03 of 3rd period - Snap shot by Ty Dellandrea.
3:03 of 3rd period - Shot Misses the Net.
3:05 of 3rd period - Slapshot by Cale Fleury.
3:05 of 3rd period - Shot Misses the Net.
3:07 of 3rd period - Slapshot by Cale Fleury.
3:07 of 3rd period - Stopped by Pheonix Copley with a rebound.
3:09 of 3rd period - Wrist shot by Jesse Ylonen.
3:09 of 3rd period - Shot Misses the Net.
3:11 of 3rd period - Snap shot by Cale Fleury.
3:11 of 3rd period - Shot Misses the Net.
3:21 of 3rd period - Yakov Trenin is hit by Max Lajoie and loses puck.
3:42 of 3rd period - Wrist shot by Rafael Harvey-Pinard.
3:42 of 3rd period - Goal by Rafael Harvey-Pinard - Kelowna Rockets : 4 - Abbotsford Heat : 3.
3:43 of 3rd period - Daniil Miromanov wins face-off versus Ty Dellandrea in neutral zone.
3:46 of 3rd period - Slapshot by Alex Limoges.
3:46 of 3rd period - Shot Misses the Net.
3:48 of 3rd period - Snap shot by Daniil Miromanov.
3:48 of 3rd period - Stopped by Eetu Makiniemi without a rebound.
3:49 of 3rd period - Ty Dellandrea wins face-off versus Cole Sillinger in Kelowna Rockets zone.
3:51 of 3rd period - Icing by Jesse Ylonen.
3:52 of 3rd period - Ty Dellandrea wins face-off versus Cole Sillinger in Kelowna Rockets zone.
3:59 of 3rd period - Snap shot by Cole Sillinger.
3:59 of 3rd period - Deflect By Alex Limoges.
3:59 of 3rd period - Stopped by Eetu Makiniemi with a rebound.
4:01 of 3rd period - Slapshot by Michael Anderson.
4:01 of 3rd period - Shot Misses the Net.
4:03 of 3rd period - Slapshot by Michael Anderson.
4:03 of 3rd period - Shot Blocked by Ty Dellandrea.
4:05 of 3rd period - Snap shot by Alex Limoges.
4:05 of 3rd period - Stopped by Eetu Makiniemi with a rebound.
4:07 of 3rd period - Snap shot by Michael Anderson.
4:07 of 3rd period - Stopped by Eetu Makiniemi with a rebound.
4:09 of 3rd period - Snap shot by Cole Sillinger.
4:09 of 3rd period - Shot Blocked by Lucas Johansen.
4:11 of 3rd period - Snap shot by Alex Limoges.
4:11 of 3rd period - Stopped by Eetu Makiniemi with a rebound.
4:15 of 3rd period - Wrist shot by Alex Limoges.
4:15 of 3rd period - Shot Misses the Net.
4:21 of 3rd period - Slapshot by Cole Sillinger.
4:21 of 3rd period - Shot Misses the Net.
4:23 of 3rd period - Wrist shot by Cole Sillinger.
4:23 of 3rd period - Deflect By Maxence Guenette.
4:23 of 3rd period - Stopped by Eetu Makiniemi with a rebound.
4:27 of 3rd period - Snap shot by Cole Sillinger.
4:27 of 3rd period - Shot Hit the Post.
4:29 of 3rd period - Wrist shot by Daniil Miromanov.
4:29 of 3rd period - Shot Misses the Net.
4:31 of 3rd period - Wrist shot by Alex Limoges.
4:31 of 3rd period - Shot Misses the Net.
4:33 of 3rd period - Snap shot by Alex Limoges.
4:33 of 3rd period - Stopped by Eetu Makiniemi with a rebound.
4:35 of 3rd period - Slapshot by Ryan Merkley.
4:35 of 3rd period - Shot Blocked by Jasper Weatherby.
4:37 of 3rd period - Slapshot by Michael Anderson.
4:37 of 3rd period - Stopped by Eetu Makiniemi without a rebound.
4:38 of 3rd period - Oskar Steen wins face-off versus Yakov Trenin in Kelowna Rockets zone.
4:38 of 3rd period - Joel Kiviranta is hit by Yakov Trenin and loses puck.
4:52 of 3rd period - Minor Penalty to Yakov Trenin for Hooking.
4:53 of 3rd period - Ty Dellandrea wins face-off versus Mathias Laferriere in Abbotsford Heat zone.
4:53 of 3rd period - Wrist shot by Jesse Ylonen.
4:53 of 3rd period - Shot Blocked by Mathias Laferriere.
4:55 of 3rd period - Snap shot by Ty Dellandrea.
4:55 of 3rd period - Shot Misses the Net.
4:57 of 3rd period - Slapshot by Jasper Weatherby.
4:57 of 3rd period - Shot Misses the Net.
4:59 of 3rd period - Slapshot by Max Lajoie.
4:59 of 3rd period - Shot Blocked by Cole Sillinger.
5:19 of 3rd period - Max Lajoie is hit by Ryan Merkley and loses puck.
6:08 of 3rd period - Joel Kiviranta is hit by Denis Malgin and loses puck.
6:52 of 3rd period - Penalty to Yakov Trenin is over, Yakov Trenin is back on ice.
7:13 of 3rd period - Jacob Perreault is hit by Cole Sillinger.
7:35 of 3rd period - Wrist shot by Jacob Perreault.
7:35 of 3rd period - Shot Misses the Net.
7:37 of 3rd period - Slapshot by Maxence Guenette.
7:37 of 3rd period - Stopped by Pheonix Copley with a rebound.
7:39 of 3rd period - Snap shot by Roby Jarventie.
7:39 of 3rd period - Shot Misses the Net.
7:43 of 3rd period - Slapshot by Roby Jarventie.
7:43 of 3rd period - Stopped by Pheonix Copley with a rebound.
7:45 of 3rd period - Slapshot by Jacob Perreault.
7:45 of 3rd period - Shot Blocked by Wyatt Newpower.
8:03 of 3rd period - Wrist shot by Roby Jarventie.
8:03 of 3rd period - Stopped by Pheonix Copley with a rebound.
8:05 of 3rd period - Slapshot by Lucas Johansen.
8:05 of 3rd period - Stopped by Pheonix Copley with a rebound.
8:07 of 3rd period - Wrist shot by Jacob Perreault.
8:07 of 3rd period - Stopped by Pheonix Copley without a rebound.
8:08 of 3rd period - Oskar Steen wins face-off versus Filip Chlapik in Abbotsford Heat zone.
8:15 of 3rd period - Slapshot by Matias Maccelli.
8:15 of 3rd period - Deflect By Jacob Peterson.
8:15 of 3rd period - Stopped by Pheonix Copley with a rebound.
8:24 of 3rd period - Off-side.
8:25 of 3rd period - Ty Dellandrea wins face-off versus Jacob Peterson in neutral zone.
8:28 of 3rd period - Michael Anderson is hit by Jasper Weatherby and loses puck.
8:54 of 3rd period - Slapshot by Matias Maccelli.
8:54 of 3rd period - Shot Misses the Net.
8:56 of 3rd period - Slapshot by Max Lajoie.
8:56 of 3rd period - Stopped by Pheonix Copley with a rebound.
8:58 of 3rd period - Snap shot by Matias Maccelli.
8:58 of 3rd period - Shot Misses the Net.
9:12 of 3rd period - Snap shot by Ty Dellandrea.
9:12 of 3rd period - Shot Misses the Net.
9:18 of 3rd period - Arnaud Durandeau is hit by Michael Anderson and loses puck.
10:07 of 3rd period - Wrist shot by Jesse Ylonen.
10:07 of 3rd period - Stopped by Pheonix Copley without a rebound.
10:08 of 3rd period - Ty Dellandrea wins face-off versus Lane Pederson in Abbotsford Heat zone.
11:07 of 3rd period - Slapshot by Alex Limoges.
11:07 of 3rd period - Deflect By Cole Sillinger.
11:07 of 3rd period - Shot Misses the Net.
11:07 of 3rd period - Puck is out of play.
11:08 of 3rd period - Oskar Steen wins face-off versus Benoit-Olivier Groulx in Kelowna Rockets zone.
11:30 of 3rd period - Icing by Lucas Johansen.
11:31 of 3rd period - Cole Sillinger wins face-off versus Jack Drury in Kelowna Rockets zone.
12:23 of 3rd period - Slapshot by Jasper Weatherby.
12:23 of 3rd period - Stopped by Pheonix Copley with a rebound.
13:45 of 3rd period - Snap shot by Jasper Weatherby.
13:45 of 3rd period - Deflect By Dennis Gilbert.
13:45 of 3rd period - Shot Blocked by Dennis Gilbert.
13:45 of 3rd period - Puck is out of play.
13:46 of 3rd period - Cole Sillinger wins face-off versus Ty Dellandrea in Abbotsford Heat zone.
14:21 of 3rd period - Cale Fleury is hit by Vincent Desharnais and loses puck.
15:07 of 3rd period - Alex Limoges is hit by Lauri Pajuniemi and loses puck.
15:24 of 3rd period - Daniil Miromanov is hit by Lucas Johansen and loses puck.
15:41 of 3rd period - Wyatt Newpower is hit by Lauri Pajuniemi and loses puck.
15:54 of 3rd period - Slapshot by Arnaud Durandeau.
15:54 of 3rd period - Stopped by Pheonix Copley with a rebound.
15:56 of 3rd period - Slapshot by Jack Drury.
15:56 of 3rd period - Stopped by Pheonix Copley with a rebound.
15:58 of 3rd period - Slapshot by Jack Drury.
15:58 of 3rd period - Stopped by Pheonix Copley with a rebound.
16:00 of 3rd period - Wrist shot by Arnaud Durandeau.
16:00 of 3rd period - Shot Misses the Net.
16:02 of 3rd period - Snap shot by Ty Dellandrea.
16:02 of 3rd period - Stopped by Pheonix Copley with a rebound.
16:04 of 3rd period - Backhand shot by Maxence Guenette.
16:04 of 3rd period - Stopped by Pheonix Copley with a rebound.
16:06 of 3rd period - Snap shot by Alex Peters.
16:06 of 3rd period - Shot Blocked by Michael Anderson.
16:08 of 3rd period - Slapshot by Alex Peters.
16:08 of 3rd period - Stopped by Pheonix Copley without a rebound.
16:09 of 3rd period - Jack Drury wins face-off versus Benoit-Olivier Groulx in Abbotsford Heat zone.
16:24 of 3rd period - Vincent Desharnais is hit by Roby Jarventie and loses puck.
16:38 of 3rd period - Icing by Matias Maccelli.
16:39 of 3rd period - Yakov Trenin wins face-off versus Oskar Steen in Kelowna Rockets zone.
16:53 of 3rd period - Oskar Steen is hit by Vincent Desharnais and loses puck.
18:04 of 3rd period - Michael Anderson is hit by Jesse Ylonen.
19:07 of 3rd period - Abbotsford Heat, Pheonix Copley is pulled from the net.
19:15 of 3rd period - Slapshot by Cale Fleury.
19:15 of 3rd period - Shot Blocked by Daniil Miromanov.
19:35 of 3rd period - Snap shot by Lane Pederson.
19:35 of 3rd period - Deflect By Rafael Harvey-Pinard.
19:35 of 3rd period - Stopped by Eetu Makiniemi without a rebound.
19:36 of 3rd period - Alexandre Burrows call a timeout for Abbotsford Heat.
19:36 of 3rd period - Yakov Trenin wins face-off versus Nicholas Caamano in Kelowna Rockets zone.
Goals for this period are 1 for Kelowna Rockets vs 2 for Abbotsford Heat.
Shots for this period are 18 for Kelowna Rockets vs 16 for Abbotsford Heat.
Back to the Top